 Dungeon Crawl Stone Soup version 0.27.1 (webtiles) character file.

Game seed: 13340231232373898019

7506 dtburroughs the Cleaver (level 10, 0/91 HPs)
             Began as a Minotaur Berserker on Aug 23, 2021.
             Was a Priest of Trog.
             Succumbed to a cane toad's poison
             ... on level 1 of the Lair of Beasts.
             The game lasted 00:21:29 (11769 turns).

dtburroughs the Cleaver (Minotaur Berserker)       Turns: 11769, Time: 00:21:30

Health: 0/91       AC: 17    Str: 28    XL:     10   Next: 95%
Magic:  9/9        EV:  8    Int:  7    God:    Trog [***...]
Gold:   545        SH: 11    Dex: 10    Spells: 9/9 levels left

rFire    . . .     SeeInvis +   E - +0 war axe
rCold    . . .     Faith    .   r - +0 kite shield
rNeg     . . .     Spirit   .   g - +0 plate armour
rPois    .         Reflect  .   D - +2 hat
rElec    .         Harm     .   (no cloak)
rCorr    .         Rampage  .   h - +0 pair of gloves
Will     ++...                  (no boots)
Stlth    ..........             (no amulet)
HPRegen  1.25/turn              x - ring of see invisible
MPRegen  0.11/turn              y - +6 ring of strength

@: lethally poisoned (0 -> -1), strong-willed, on berserk cooldown,
regenerating, slowed, very slow
A: horns 2, retaliatory headbutt
a: Renounce Religion, Berserk, Trog's Hand


You were on level 1 of the Lair of Beasts.
You worshipped Trog.
Trog was most pleased with you.
You visited 2 branches of the dungeon, and saw 11 of its levels.

You collected 545 gold pieces.

Inventory:

Hand Weapons
 A - a +2 flail
 E - a +0 war axe (weapon)
Armour
 g - a +0 plate armour (worn)
 h - a +0 pair of gloves (worn)
 r - a +0 kite shield (worn)
 D - a +2 hat (worn)
Jewellery
 x - a ring of see invisible (left hand)
 y - a +6 ring of strength (right hand)
Wands
 n - a wand of iceblast (5)
 o - a wand of polymorph (16)
 s - a wand of digging (5)
Scrolls
 b - a scroll of immolation {unknown}
 c - 3 scrolls of noise
 d - 7 scrolls of enchant weapon
 i - a scroll of enchant armour
 j - 4 scrolls of teleportation {unknown}
 m - 2 scrolls of fear {unknown}
 q - 2 scrolls of fog
 t - 3 scrolls of amnesia {unknown}
 v - a scroll of blinking {unknown}
 C - 6 scrolls of identify
Potions
 a - 3 potions of haste {unknown}
 e - 2 potions of flight
 f - 3 potions of ambrosia {unknown}
 l - 2 potions of lignification
 p - a potion of cancellation
 u - 3 potions of resistance
 w - 2 potions of degeneration {unknown}
 z - a potion of heal wounds {unknown}
Miscellaneous
 k - a phantom mirror
 B - a tin of tremorstones (2/2)


   Skills:
 + Level 9.2 Fighting
 + Level 9.2 Axes
 + Level 8.7 Armour
 + Level 8.0 Dodging
 + Level 8.1 Shields
 + Level 5.8 Evocations


You had 9 spell levels left.
You didn't know any spells.
Your spell library was empty.

Dungeon Overview and Level Annotations

Branches:
Dungeon (10/15)            Temple (0/1) D:5            Lair (1/6) D:9
    Orc (0/2) D:9

Altars:
Ashenzari
Dithmenos
Elyvilon
Gozag
Kikubaaqudgha
Qazlal
Ru
Yredelemnul

Shops:
D:9 ?

Annotations:
D:7 3 runed translucent doors, Naeght's ghost, novice DrFE; shoop's ghost, amateur KoDe


Innate Abilities, Weirdness & Mutations

You have a pair of horns on your head.
You reflexively headbutt those who attack you in melee.


Message History

You slash the yak!
You feel very sick. The yak gores you.
* * * LOW HITPOINT WARNING * * *
The cane toad closely misses you. You furiously retaliate!
You headbutt the cane toad. You hit the cane toad.
The cane toad is almost dead.
You barely miss the yak.
You feel very sick. The cane toad stings you!
* * * LOW HITPOINT WARNING * * *
The yak gores you but does no damage.
You hit the cane toad.
The cane toad is almost dead.
Your shield and plate armour prevent you from hitting the yak.
* * * LOW HITPOINT WARNING * * *
You feel sick.
You slash the cane toad!
You feel the power of Trog in you as your rage grows.
You kill the cane toad!
Trog accepts your kill.
You hit the yak.
* * * LOW HITPOINT WARNING * * *
You feel sick. You block the yak's attack.
A komodo dragon comes into view.
Your Dodging skill increases to level 8!
* * * LOW HITPOINT WARNING * * *
You feel sick.
The komodo dragon hisses angrily.
You are too berserk!
You feel a strong urge to attack something.
* * * LOW HITPOINT WARNING * * *
You feel sick.
* * * LOW HITPOINT WARNING * * *
You feel sick.
You feel your anger nearly subside.
You are no longer berserk.
You are exhausted.
You feel yourself slow down.
You die...

####
##############.#P
#..........(.....
#................
#..............##
##....l.........##
#@...............#
##Y..###.###.##.##
#Y#..........+.P#
#$#............P.
#Y#..........#...
#Y#..........#...
#Y#..........#...
YY#..........#...
#(#..........#...


You could see a komodo dragon and 6 yaks.

Vanquished Creatures
  A two-headed ogre (D:10)
  A wolf spider (D:10)
  Joseph (D:7)
  A cane toad (Lair:1)
  Psyche (D:9)
  An unseen horror (D:10)
  A wraith (D:10)
  A shadow (D:7)
  A spriggan (D:8)
  5 yaks (Lair:1)
  A steam dragon (D:9)
  2 wargs (D:9)
  Menkaure (D:4)
  A black bear (D:6)
  3 ice beasts (D:6)
  4 water moccasins
  3 orc warriors (D:9)
  2 necrophages
  2 ogres
  4 centaurs
  3 kobold brigands
  A phantom (D:5)
  5 bullfrogs
  2 scorpions
  A wyvern skeleton (D:6)
  5 wights (D:7)
  An electric eel (D:7)
  4 howler monkeys (D:10)
  A lava snake (D:7)
  A bullfrog zombie (D:7)
  A hound (D:6)
  A bullfrog skeleton (D:5)
  3 orc priests (D:9)
  A centaur skeleton (D:6)
  A gnoll shaman (D:7)
  Ijyb (D:3)
  Natasha (thrice) (D:3)
  5 orc wizards
  7 gnolls
  5 adders
  A white imp (D:4)
  A dart slug (D:2)
  12 orcs
  7 ball pythons
  6 bats
  2 bat zombies (D:4)
  4 endoplasms
  4 giant cockroaches
  3 goblins
  6 hobgoblins
  2 jackals (D:4)
  6 quokkas
  2 frilled lizards (D:2)
  17 kobolds
  8 rats
  3 rat zombies (D:4)
173 creatures vanquished.

Vanquished Creatures (others)
  A shadow (D:10)
  An orc wizard (D:9)
  2 plants
4 creatures vanquished.

Grand Total: 177 creatures vanquished

Notes
Turn   | Place    | Note
-------+----------+-------------------------------------------
     0 | D:1      | dtburroughs the Minotaur Berserker began the quest for the
                  | Orb.
     0 | D:1      | Reached XP level 1. HP: 19/19 MP: 0/0
   206 | D:1      | Reached XP level 2. HP: 24/27 MP: 1/1
  1033 | D:2      | Reached ** piety under Trog
  1223 | D:2      | Found a shadowy altar of Dithmenos.
  1252 | D:2      | Reached XP level 3. HP: 33/33 MP: 2/2
  1452 | D:2      | Found a faded altar of an unknown god.
  2164 | D:3      | Noticed Natasha
  2169 | D:3      | Killed Natasha
  2170 | D:3      | Reached XP level 4. HP: 33/41 MP: 3/3
  2410 | D:3      | Noticed Ijyb
  2426 | D:3      | Killed Ijyb
  2664 | D:3      | Noticed Natasha
  2675 | D:3      | Killed Natasha
  2676 | D:3      | Reached skill level 1 in Shields
  2676 | D:3      | Reached XP level 5. HP: 39/47 MP: 4/4
  2747 | D:3      | Found a basalt altar of Yredelemnul.
  2893 | D:3      | Noticed Natasha
  2910 | D:3      | Killed Natasha
  3036 | D:4      | Noticed a necrophage
  3040 | D:4      | Killed a necrophage
  3129 | D:4      | Found an ancient bone altar of Kikubaaqudgha.
  3155 | D:4      | Noticed Menkaure
  3173 | D:4      | Killed Menkaure
  3174 | D:4      | Reached skill level 5 in Fighting
  3174 | D:4      | Reached skill level 5 in Axes
  3174 | D:4      | Reached skill level 1 in Evocations
  3174 | D:4      | Reached XP level 6. HP: 39/56 MP: 5/5
  3505 | D:4      | Reached XP level 7. HP: 29/61 MP: 6/6
  3782 | D:4      | Found an opulent altar of Gozag.
  4448 | D:5      | Entered Level 5 of the Dungeon
  4459 | D:5      | Found a staircase to the Ecumenical Temple.
  4547 | D:5      | Reached *** piety under Trog
  5088 | D:5      | Reached skill level 5 in Armour
  5474 | D:6      | Reached XP level 8. HP: 60/70 MP: 7/7
  5551 | D:6      | Found a broken altar of Ashenzari.
  5596 | D:6      | Reached skill level 5 in Dodging
  6306 | D:7      | Reached skill level 5 in Shields
  6627 | D:7      | Found a runed translucent gate.
  6627 | D:7      | Found a runed translucent gate.
  6627 | D:7      | Found a runed translucent gate.
  6628 | D:7      | Noticed Naeght's ghost (novice DrFE)
  6629 | D:7      | Noticed shoop's ghost (amateur KoDe)
  6661 | D:7      | Reached XP level 9. HP: 35/78 MP: 8/8
  7097 | D:7      | Noticed Joseph
  7110 | D:7      | Killed Joseph
  7505 | D:7      | Found a shadowy altar of Dithmenos.
  8566 | D:8      | Found a sacrificial altar of Ru.
  9281 | D:9      | Reached **** piety under Trog
  9288 | D:9      | You fall into a shaft and drop 1 floor!
  9288 | D:10     | Entered Level 10 of the Dungeon
  9381 | D:9      | Found a stormy altar of Qazlal.
  9389 | D:9      | Found a white marble altar of Elyvilon.
  9449 | D:9      | Reached XP level 10. HP: 18/88 MP: 9/9
  9961 | D:9      | Noticed Psyche
  9969 | D:9      | Killed Psyche
 10100 | D:9      | Reached skill level 5 in Evocations
 10221 | D:9      | Found a staircase to the Lair.
 10242 | D:9      | Found a staircase to the Orcish Mines.
 10324 | D:9      | Found Siexim's Magic Scroll Emporium.
 10637 | D:10     | Noticed a wolf spider
 10654 | D:10     | Killed a wolf spider
 10875 | D:10     | Noticed a two-headed ogre
 10886 | D:10     | Killed a two-headed ogre
 11492 | Lair:1   | Entered Level 1 of the Lair of Beasts
 11750 | Lair:1   | Noticed a cane toad
 11763 | Lair:1   | HP: 3/136 [cane toad (10)]
 11764 | Lair:1   | HP: 1/136 [poisoned by a cane toad]
 11765 | Lair:1   | Killed a cane toad
 11769 | Lair:1   | Succumbed to a cane toad's poison

Illustrated notes

Levels and vault maps discovered:
D:1:      dpeg_arrival_simpleton_b, layout_loops_ring
D:2:      layout_loops_ring, basic_altar, serial_rivers,
          chequers_serial_rivers_micro_e, chequers_serial_rivers_small_3,
          chequers_serial_rivers_small_b, chequers_serial_rivers_small_b,
          chequers_serial_rivers_small_a,
          shapermc_ecumenical_altar_totnotflames, minivault_4
D:3:      cheibrodos_old_hovel, layout_basic, yredelemnul_altar_generic,
          uniq_natasha, uniq_ijyb
D:4:      layout_cave_pods, grunt_gozag_statues,
          lemuel_zombie_altar_kikubaaqudgha, palyth_stone_intersect,
          patterned_corridor, uniq_menkaure
D:5:      layout_rooms, minmay_temple_entry_slanted
D:6:      layout_basic, ashenzari_altar_1
D:7:      layout_basic, grunt_dithmenos_smoke, gammafunk_ghost_cemetery,
          nrook_mini_vaults, nicolae_lava_and_water, uniq_joseph
D:8:      layout_basic, lemuel_round_altar, the_hattery
D:9:      layout_loops_ring, mainiacjoe_overflow_catwalk_spiral,
          erik_lair_orcish_takeover, serial_shops, shop,
          minmay_unpleasant_kobolds, uniq_psyche
D:10:     layout_gridville, minmay_misc_feat_rows
Lair:1:   layout_chaotic_city, gauntlet_entry_generic, lemuel_fruit_tree

Skill      XL: |  1  2  3  4  5  6  7  8  9 10 |
---------------+-------------------------------+-----
Axes           | 4 5 6 7 8 9 |  9.2
Fighting       | 4 5 6 7 8 9 |  9.2
Armour         | 3 4 5 6 7 8 |  8.7
Dodging        | 3 4 5 6 8 |  8.0
Shields        | 1 2 3 5 6 8 |  8.1
Evocations     | 1 2 3 4 5 |  5.8

Action                   |  1- 3 |  4- 6 |  7- 9 | 10-12 || total
-------------------------+-------+-------+-------+-------++-------
Melee: Hand axe          |    83 |    88 |   293 |       ||   464
       Headbutt          |    10 |    17 |    75 |    38 ||   140
       War axe           |       |       |    32 |   160 ||   192
Invok: Trog's Hand       |       |     1 |     4 |     5 ||    10
       Berserk           |       |     1 |     2 |     4 ||     7
Evoke: Wand              |       |       |     5 |       ||     5
  Use: Scroll            |       |       |     9 |       ||     9
       Potion            |       |       |     2 |     3 ||     5
 Stab: Invisible         |       |       |       |     1 ||     1
Armor: Animal skin       |    15 |       |       |       ||    15
       Chain mail        |    13 |    38 |   154 |     6 ||   211
       Plate armour      |       |       |       |    77 ||    77
Dodge: Dodged            |    76 |    29 |   113 |    38 ||   256
Block: Kite shield       |       |    19 |   190 |    89 ||   298
       Buckler           |       |     5 |       |       ||     5
